 Dungeon Crawl Stone Soup version 0.25-a0-365-g7600c65aa0 (webtiles) character file.

Game seed: 17315189987695913237, levelgen mode: deterministic

324866 PentaManta the Minotaur Blade (level 20, -11/163 HPs)
             Began as a Minotaur Gladiator on Jan 5, 2020.
             Was an Elder of Dithmenos.
             Killed by the effects of Hell (18 damage)
             ... on level 4 of the Iron City of Dis.
             The game lasted 03:14:45 (56556 turns).

PentaManta the Minotaur Blade (Minotaur Gladiator) Turns: 56556, Time: 03:14:46

Health: -11/163    AC: 30    Str: 21    XL:     20   Next: 72%
Magic:  26/26      EV: 18    Int:  5    God:    Dithmenos [****..]
Gold:   171        SH:  2    Dex: 19    Spells: 19/19 levels left

rFire    + . .     SeeInvis +   G - +9 triple sword (flame)
rCold    . . .     Gourm    .   (shield currently unavailable)
rNeg     . . .     Faith    .   c - +10 plate armour of Repulsion {MR+}
rPois    .         Spirit   .   o - +2 hat
rElec    .         Reflect  +   A - +2 cloak {rF+}
rCorr    .         Harm     .   R - +2 pair of gloves
MR       +....                  v - +0 pair of boots
Stlth    ..........             q - +2 amulet of reflection
HPRegen  0.37/turn              N - +3 ring of protection
MPRegen  0.20/turn              r - ring of see invisible

@: vulnerable, corroded, berserk cooldown, slowed, wreathed by umbra, studying
Spellcasting, heavily drained, very slow
A: retaliatory headbutt, horns 2
}: 2/15 runes: barnacled, gossamer
a: Shadow Step, Renounce Religion


You were on level 4 of the Iron City of Dis.
You worshipped Dithmenos.
Dithmenos was greatly pleased with you.
You were not hungry.

You visited 11 branches of the dungeon, and saw 45 of its levels.
You visited the Abyss 1 time.
You also visited: Gauntlet and Volcano.

You collected 3614 gold pieces.
You spent 3443 gold pieces at shops.

Inventory:

Hand Weapons
 k - a +4 great sword of holy wrath
 B - a +4 long sword of freezing
 G - a +9 triple sword of flaming (weapon)
Missiles
 b - 49 silver javelins
 d - 10 throwing nets
 K - 78 javelins (quivered)
Armour
 c - the +10 plate armour of Repulsion (worn) {MR+}
   (You bought it in a shop on level 2 of the Orcish Mines)

   It affects your resistance to hostile enchantments.
 e - +0 fire dragon scales
 o - a +2 hat (worn)
 s - +1 shadow dragon scales
 t - +0 ice dragon scales
 v - a +0 pair of boots (worn)
 w - a +2 cloak of magic resistance
 A - a +2 cloak of fire resistance (worn)
 Q - the +6 plate armour "Imoruow" {+Inv rCorr Str+2}
   (You found it on level 3 of the Elven Halls)

   It affects your strength (+2).
   It lets you turn invisible.
   It provides partial protection from all sources of acid and corrosion.
 R - a +2 pair of gloves (worn)
 V - a +3 plate armour of fire resistance
Jewellery
 g - an uncursed ring of resist corrosion
 q - a +2 amulet of reflection (around neck)
 r - a ring of see invisible (right hand)
 D - the ring "Searil" {rF+ MR+ Dex-2 Slay+2}
   (You took it off a deep elf death mage on level 3 of the Elven Halls)

   [ring of protection from magic]

   It affects your dexterity (-2).
   It affects your accuracy and damage with ranged weapons and melee attacks
   (+2).
   It protects you from fire.
   It affects your resistance to hostile enchantments.
 H - an uncursed ring of ice
 I - an uncursed ring of positive energy
 J - an uncursed ring of protection from magic
 N - a +3 ring of protection (left hand)
 O - an uncursed ring of flight
 U - the amulet of the Four Winds {rN+ MR+++ Clar}
   (You found it on level 13 of the Dungeon)

   [amulet of nothing]

   It protects you from negative energy.
   It affects your resistance to hostile enchantments.
   It protects you against confusion.
 W - an uncursed ring of poison resistance
Wands
 m - a wand of scattershot (14)
 E - a wand of digging (15)
 F - a wand of acid (36)
 T - a wand of iceblast (58)
Scrolls
 a - 6 scrolls of enchant armour
 n - 7 scrolls of identify
 p - 3 scrolls of magic mapping
 u - 22 scrolls of remove curse
 x - 5 scrolls of fear
 y - a scroll of blinking
Potions
 h - 3 potions of ambrosia
 j - 6 potions of might
 l - 5 potions of haste
 z - a potion of berserk rage
 L - 8 potions of lignification
 X - 5 potions of resistance
 Y - 2 potions of mutation
 Z - 2 potions of cancellation
Books
 S - a manual of Spellcasting
Miscellaneous
 M - 3 phantom mirrors
Comestibles
 f - 46 rations


   Skills:
 + Level 10.8(8.4) Fighting
 - Level 24.2(21.0) Long Blades
 - Level 5.0(2.9) Throwing
 + Level 21.6(18.5) Armour
 + Level 20.4(17.4) Dodging
 * Level 10.6(8.2) Invocations


You had 19 spell levels left.
You didn't know any spells.
Your spell library contained the following spells:

 Spells                   Type           Power        Failure   Level  Hunger
 Animate Skeleton         Necr           N/A          99%         1    ##.....
 Apportation              Tloc           #.....       99%         1    ##.....
 Beastly Appendage        Tmut           #.....       99%         1    ##.....
 Confusing Touch          Hex            #.....       99%         1    ##.....
 Corona                   Hex            #......      99%         1    ##.....
 Foxfire                  Conj/Fire      #...         99%         1    ##.....
 Freeze                   Ice            #...         99%         1    ##.....
 Infusion                 Chrm           #...         99%         1    ##.....
 Magic Dart               Conj           #...         99%         1    ##.....
 Sandblast                Erth           #.....       99%         1    ##.....
 Sting                    Tmut/Pois      #...         99%         1    ##.....
 Summon Butterflies       Summ           #.......     99%         1    ##.....
 Summon Small Mammal      Summ           #...         99%         1    ##.....
 Blink                    Tloc           N/A          99%         2    ###....
 Call Imp                 Summ           #.......     99%         2    ###....
 Corpse Rot               Necr/Air       N/A          99%         2    ###....
 Ensorcelled Hibernation  Hex/Ice        #.....       99%         2    ###....
 Passwall                 Tmut/Erth      #.......     99%         2    ###....
 Searing Ray              Conj           #.....       99%         2    ###....
 Shroud of Golubria       Chrm/Tloc      #.....       99%         2    ###....
 Sticks to Snakes         Tmut           #.......     99%         2    ###....
 Sublimation of Blood     Necr           #.........   99%         2    ###....
 Call Canine Familiar     Summ           #.......     100%        3    ####...
 Confuse                  Hex            #.......     100%        3    ####...
 Dazzling Flash           Conj/Hex       #.....       100%        3    ####...
 Gell's Gravitas          Tloc           #.........   100%        3    ####...
 Ignite Poison            Fire/Tmut/Pois #.......     100%        3    ####...
 Lesser Beckoning         Tloc           #.........   100%        3    ####...
 Ozocubu's Armour         Chrm/Ice       #.......     100%        3    ####...
 Portal Projectile        Hex/Tloc       #.....       100%        3    ####...
 Recall                   Summ/Tloc      N/A          100%        3    ####...
 Spectral Weapon          Hex/Chrm       #.......     100%        3    ####...
 Spider Form              Tmut/Pois      #.........   100%        3    ####...
 Static Discharge         Conj/Air       #.......     100%        3    ####...
 Stone Arrow              Conj/Erth      #.....       100%        3    ####...
 Summon Guardian Golem    Hex/Summ       #.......     100%        3    ####...
 Teleport Other           Tloc           #.......     100%        3    ####...
 Tukima's Dance           Hex            #.......     100%        3    ####...
 Animate Dead             Necr           N/A          100%        4    #####..
 Cause Fear               Hex            #.........   100%        4    #####..
 Fulminant Prism          Conj/Hex       #.........   100%        4    #####..
 Hailstorm                Conj/Ice       #.......     100%        4    #####..
 Ice Form                 Ice/Tmut       #.......     100%        4    #####..
 Iskenderun's Mystic Bla  Conj/Tloc      #.......     100%        4    #####..
 Leda's Liquefaction      Hex/Erth       #.........   100%        4    #####..
 Passage of Golubria      Tloc           N/A          100%        4    #####..
 Petrify                  Tmut/Erth      #.......     100%        4    #####..
 Summon Ice Beast         Ice/Summ       #.......     100%        4    #####..
 Summon Lightning Spire   Summ/Air       #.......     100%        4    #####..
 Agony                    Necr           #.......     100%        5    ######.
 Alistair's Intoxication  Tmut/Pois      #.......     100%        5    ######.
 Blade Hands              Tmut           #.........   100%        5    ######.
 Borgnjor's Vile Clutch   Necr/Erth      #.........   100%        5    ######.
 Dispel Undead            Necr           #.......     100%        5    ######.
 Excruciating Wounds      Chrm/Necr      #.........   100%        5    ######.
 Fireball                 Conj/Fire      #.........   100%        5    ######.
 Irradiate                Conj/Tmut      #.........   100%        5    ######.
 Lee's Rapid Deconstruct  Erth           #.........   100%        5    ######.
 Lightning Bolt           Conj/Air       #.........   100%        5    ######.
 Silence                  Hex/Air        #.........   100%        5    ######.
 Summon Forest            Summ/Tloc      #.........   100%        5    ######.
 Yara's Violent Unravell  Hex/Tmut       #.........   100%        5    ######.
 Darkness                 Hex            #.........   100%        6    #######
 Death Channel            Necr           #.........   100%        6    #######
 Deflect Missiles         Chrm/Air       #.........   100%        6    #######
 Eringya's Noxious Bog    Tmut/Pois      #.........   100%        6    #######
 Hydra Form               Tmut           #.........   100%        6    #######
 Invisibility             Hex            #.......     100%        6    #######
 Iron Shot                Conj/Erth      #.........   100%        6    #######
 Simulacrum               Ice/Necr       #.........   100%        6    #######
 Starburst                Conj/Fire      #.........   100%        6    #######
 Statue Form              Tmut/Erth      #........    100%        6    #######
 Dragon Form              Tmut           #.........   100%        7    #######
 Malign Gateway           Summ/Tloc      #.........   100%        7    #######
 Orb of Destruction       Conj           #.........   100%        7    #######
 Ring of Flames           Chrm/Fire      #.........   100%        7    #######
 Summon Hydra             Summ           #.........   100%        7    #######
 Discord                  Hex            #.........   100%        8    #######
 Ignition                 Fire           #.........   100%        8    #######
 Shatter                  Erth           #.........   100%        9    #######
 Tornado                  Air            #.........   100%        9    #######


Dungeon Overview and Level Annotations

Branches:
Dungeon (15/15)            Temple (1/1) D:7            Lair (6/6) D:10
 Shoals (4/4) Lair:2       Spider (4/4) Lair:3        Slime (0/5) Lair:5
    Orc (2/2) D:11            Elf (3/3) Orc:2        Vaults (1/5) D:14
 Depths (4/5) D:15           Hell (visited)             Dis (4/7) Hell
Volcano (visited)         Gauntlet (visited)
    Geh: Hell:1         Coc: Hell:1         Tar: Hell:1

Altars:
Ashenzari
Cheibriados
Dithmenos
Elyvilon
Fedhas
Hepliaklqana
Kikubaaqudgha
Makhleb
Nemelex Xobeh
Qazlal
Ru
Sif Muna
Vehumet
Wu Jian
Xom
Yredelemnul
Beogh

Shops:
D:11 !   D:12 *   Orc:2 [[:!   Elf:2 !   Depths:1 !

Portals:
Hell: Depths:4

Annotations:
D:9 Prince Ribbit
Depths:1 3 runed translucent doors, Jacauzoz's ghost, veteran KoWz; Margery
Hell Geryon


Innate Abilities, Weirdness & Mutations

You reflexively headbutt those who attack you in melee.
You have a pair of horns on your head.


Message History

You chop one of the two-headed hydra zombie's heads off!
You slash the one-headed hydra zombie! You burn the one-headed hydra zombie.
You headbutt the one-headed hydra zombie.
The one-headed hydra zombie is heavily damaged.
You are no longer berserk.
You are exhausted.
You feel yourself slow down. The one-headed hydra zombie misses you.
You furiously retaliate!
You headbutt the one-headed hydra zombie, but do no damage.
You chop the one-headed hydra zombie's last head off!
You destroy the one-headed hydra zombie!
Dithmenos accepts your kill.
You're too hungry to rest.
You're too hungry to rest.
Okay, then.
You eat one of the 47 rations.
That ration really hit the spot!
Okay, then.
You hear words spoken in a strange and terrible language...
Pain shoots through your body!
You die...

,,**,,,,**,,,**,,**,,,,,********,
,,**,,,,**,,,*#..#*,,..,**,,,,**,
****,,,,**,,,*#..#*,..,,**,,,,**,
*,,,,,,,,,,*#..#*..,,,*,,,,,**,
*,,,,,,,,,,*#..##.,,,,**,,,,**,
*,,,,,**,,,*#....,,,,,**,,,,**,
*,,,,,***+**#...,,,,,,,,,,,,,+,
**,,,,,*,,,*#..#*,,,,,,,,,,,,*,
**,,,,,*,,,*#.@#*,,,******,,**,
*,,,,,,*,,,,#..#######****,,**,
*,,,,,,*,,,,#^.......#,,,,,,*,,
**,,,,**...##........#,,,,,,+,,
#*,,,,*#...##..##...##,,***,**,
*.,,,,*....###+######*,,***,**+
##.,,,*#...#*,,**,,,,,,,,,,,,,,
#..#####...#,,^,,,,,,,,,,,,,,,,
#..........#,,,,,,,,,,,,,,,,,,,


There were no monsters in sight!

Vanquished Creatures
  A bone dragon (Abyss:2)
  Rupert (Lair:5)
  4 deep elf master archers (Elf:3)
  3 deep elf blademasters
  Gastronok (D:10)
  An Executioner (Abyss:2)
  Roxanne (Spider:4)
  Ilsuiw (Shoals:3)
  2 fire giants (D:15)
  Aizul (Shoals:3)
  A frost giant (Shoals:4)
  11 deep elf sorcerers
  A vault warden (Vaults:1)
  7 emperor scorpions
  A balrug (Abyss:2)
  4 deep elf elementalists (Elf:3)
  Louise (Spider:1)
  4 ghost moths
  4 ironheart preservers
  2 vampire knights
  4 stone giants
  5 entropy weavers
  4 deep elf demonologists
  3 deep elf annihilators
  A minotaur (Gauntlet)
  Azrael (Spider:1)
  2 spark wasps
  2 ettins
  6 deep elf death magi (Elf:3)
  2 fire dragons (Depths:1)
  8 merfolk javelineers
  16 merfolk impalers
  2 deep elf high priests (Elf:3)
  4 ogre magi
  6 rakshasas
  Harold (D:11)
  Fannar (Lair:1)
  4 yaktaur captains (Vaults:1)
  4 ice dragons
  3 hydras
  16 two-headed ogres
  7 centaur warriors
  3 satyrs
  8 merfolk aquamancers
  14 death yaks
  An alligator snapping turtle (Shoals:2)
  3 tengu warriors
  26 dancing weapons
  A hell hog (Volcano)
  A queen ant (Spider:3)
  5 merfolk avatars
  3 deep troll shamans
  A deep troll earth mage (D:15)
  Nergalle (Lair:1)
  Urug (D:12)
  3 orc high priests (Orc:2)
  A spriggan berserker (D:15)
  19 deep elf knights
  A storm dragon zombie (Dis:4)
  A wretched star (Abyss:2)
  2 fire crabs
  7 sea snakes
  A sixfirhy (Abyss:2)
  A flayed ghost (Dis:4)
  2 unseen horrors
  A lindwurm (Lair:4)
  15 deep elf archers
  3 phantasmal warriors
  2 necromancers
  3 wizards
  A harpy (Shoals:4)
  5 orc knights
  Pikel (D:7)
  35 wolf spiders
  5 cyclopes
  16 ugly things
  2 oklob plants (Shoals:4)
  21 orb spiders
  49 deep elf magi
  6 orc sorcerers
  10 fauns
  12 manticores
  4 moths of wrath
  11 black mambas
  A guardian serpent (Lair:6)
  8 merfolk sirens
  A torpor snail (Gauntlet)
  6 water nymphs
  Joseph (D:9)
  9 elephants
  An apocalypse crab (Abyss:2)
  3 centaur zombies
  A gargoyle (D:10)
  14 spiny frogs
  A guardian serpent (shapeshifter) (Vaults:1)
  2 large abominations (Abyss:2)
  2 rime drakes (Lair:6)
  A vault sentinel (Vaults:1)
  An orange demon (Abyss:2)
  A hellion (Dis:4)
  10 yaktaurs
  14 starcursed masses (Abyss:2)
  17 demonic crawlers
  2 kobold demonologists (D:13)
  8 komodo dragons
  3 efreet
  A queen bee (shapeshifter) (Elf:2)
  2 ancient zymes (Abyss:2)
  A queen bee (Spider:3)
  31 jumping spiders
  4 raiju (Abyss:2)
  9 wind drakes
  44 merfolk
  10 trolls
  A hydra zombie (Dis:4)
  3 meliai (Spider:3)
  A troll (shapeshifter) (Depths:1)
  14 hornets
  10 blink frogs
  A polar bear (Lair:5)
  5 slime creatures
  7 hippogriffs
  7 dream sheep
  A spriggan (shapeshifter) (Depths:1)
  12 snapping turtles
  4 flying skulls
  A black mamba zombie (Dis:1)
  A spriggan (D:9)
  2 vampires
  3 shadows
  13 water elementals
  53 redbacks
  3 air elementals
  13 wyverns
  39 yaks
  8 fire elementals
  30 tarantellas
  A ynoxinul (Abyss:2)
  7 fire bats
  2 wraiths
  5 basilisks
  Grum (D:8)
  6 steam dragons
  10 vampire mosquitoes
  2 hungry ghosts
  2 wargs
  2 chaos spawn (Abyss:2)
  A warg (shapeshifter) (Elf:3)
  8 hell hounds
  3 soldier ants
  9 porcupines
  2 acid dragons (D:14)
  A water moccasin (shapeshifter) (Elf:1)
  22 water moccasins
  4 ice beasts
  6 black bears
  A slave (D:7)
  7 sky beasts
  An ettin simulacrum (Vaults:1)
  2 eyes of draining
  11 orc warriors
  A phantom (D:7)
  2 boggarts (Depths:1)
  17 centaurs
  A necrophage (D:10)
  10 ogres
  20 wolves
  21 crocodiles
  31 bullfrogs
  3 big kobolds
  3 earth elementals
  A wyvern skeleton (D:13)
  A small abomination (Abyss:2)
  3 scorpions
  7 wights
  38 killer bees
  5 howler monkeys
  5 electric eels
  3 crimson imps
  A bullfrog zombie (D:5)
  4 jellies
  A quasit (D:7)
  7 hounds
  22 orc wizards
  4 centaur skeletons
  14 orc priests
  2 iron imps (Abyss:2)
  3 iguanas
  2 yak simulacra (D:11)
  A statue (D:5)
  19 worker ants
  3 wolf simulacra (D:11)
  3 polar bear simulacra (D:11)
  A hound zombie (D:11)
  A worker ant zombie (D:9)
  7 gnolls
  14 adders
  7 shadow imps
  3 white imps
  4 oozes
  An adder zombie (D:7)
  An adder skeleton (D:8)
  2 worms (D:2)
  3 dart slugs
  5 leopard geckos
  51 orcs
  A ball python (D:4)
  2 bat zombies (D:5)
  4 giant cockroaches
  6 goblins
  7 hobgoblins
  21 jackals
  21 kobolds
  6 quokkas
  6 bats
  6 frilled lizards
  A giant cockroach zombie (D:5)
  A jackal zombie (D:6)
  A quokka skeleton (D:6)
  9 rats
  2 rat zombies (D:5)
  3 river rat simulacra (D:11)
  A butterfly (Lair:3)
  2 plants
1477 creatures vanquished.

Vanquished Creatures (collateral kills)
  An iron imp (Dis:2)
1 creature vanquished.

Vanquished Creatures (others)
  A merfolk impaler (Shoals:3)
  A deep elf knight (Elf:2)
  A small abomination (Elf:3)
  A deep troll (Depths:3)
  An orb spider (Spider:4)
  2 deep elf magi
  A water nymph (Shoals:3)
  A jumping spider (Spider:4)
  A slave (D:7)
  2 boggarts
  A centaur (Shoals:3)
  2 bullfrogs (D:7)
  A bush (Lair:6)
  13 fungi
  43 plants
72 creatures vanquished.

Grand Total: 1550 creatures vanquished

Notes
Turn   | Place    | Note
-------+----------+-------------------------------------------
     0 | D:1      | PentaManta the Minotaur Gladiator began the quest for the
                  | Orb.
     0 | D:1      | Reached XP level 1. HP: 18/18 MP: 0/0
    20 | D:1      | Reached skill level 4 in Long Blades
   125 | D:1      | Reached XP level 2. HP: 25/25 MP: 1/1
   155 | D:1      | Reached skill level 5 in Long Blades
   377 | D:1      | Reached XP level 3. HP: 26/30 MP: 2/2
   647 | D:2      | Found a white marble altar of Elyvilon.
   686 | D:2      | Found a shattered altar of Ashenzari.
  1105 | D:2      | Reached XP level 4. HP: 37/37 MP: 3/3
  1105 | D:2      | Reached skill level 6 in Long Blades
  1879 | D:3      | Reached XP level 5. HP: 30/42 MP: 4/4
  1879 | D:3      | Reached skill level 7 in Long Blades
  1911 | D:3      | Found a faded altar of an unknown god.
  2135 | D:3      | Found a basalt altar of Yredelemnul.
  2255 | D:4      | Reached skill level 8 in Long Blades
  2255 | D:4      | Reached XP level 6. HP: 17/50 MP: 5/5
  2576 | D:5      | Entered Level 5 of the Dungeon
  2884 | D:4      | Reached skill level 9 in Long Blades
  3106 | D:4      | Found a sacrificial altar of Ru.
  3156 | D:4      | Found a shadowy altar of Dithmenos.
  3167 | D:4      | Reached XP level 7. HP: 56/56 MP: 6/6
  3168 | D:4      | Became a worshipper of Dithmenos the Shadowed
  3537 | D:5      | Reached skill level 1 in Armour
  4180 | D:5      | Found a blossoming altar of Fedhas.
  4271 | D:5      | Found a radiant altar of Vehumet.
  4486 | D:5      | Found an ancient bone altar of Kikubaaqudgha.
  4841 | D:6      | Reached skill level 10 in Long Blades
  4924 | D:6      | Found a snail-covered altar of Cheibriados.
  5103 | D:6      | Reached * piety under Dithmenos
  5485 | D:7      | Found a staircase to the Ecumenical Temple.
  5492 | Temple   | Entered the Ecumenical Temple
  5745 | D:7      | Reached XP level 8. HP: 62/62 MP: 7/7
  5784 | D:7      | Noticed Pikel
  5825 | D:7      | Killed Pikel
  5825 | D:7      | Reached skill level 5 in Armour
  5825 | D:7      | Reached skill level 5 in Dodging
  5987 | D:7      | Reached skill level 11 in Long Blades
  6108 | D:7      | Reached XP level 9. HP: 54/68 MP: 8/8
  6114 | D:7      | Noticed an unseen horror
  6132 | D:7      | Killed an unseen horror
  7375 | D:8      | Noticed Grum
  7482 | D:7      | Reached skill level 12 in Long Blades
  7593 | D:8      | Killed Grum
  7749 | D:8      | Reached ** piety under Dithmenos
  7933 | D:8      | Found a stormy altar of Qazlal.
  7935 | D:8      | Found a shimmering altar of Xom.
  7935 | D:8      | Found a glowing silver altar of Zin.
  7938 | D:8      | Found a sparkling altar of Nemelex Xobeh.
  7938 | D:8      | Found a sacrificial altar of Ru.
  7938 | D:8      | Found a shimmering altar of Xom.
  8040 | D:8      | Found a hazy altar of Hepliaklqana.
  8141 | D:8      | Noticed a two-headed ogre
  8141 | D:8      | Noticed a centaur warrior
  8158 | D:8      | Killed a two-headed ogre
  8158 | D:8      | Reached XP level 10. HP: 42/74 MP: 9/9
  8197 | D:8      | Killed a centaur warrior
  8197 | D:8      | Reached skill level 13 in Long Blades
  8518 | D:9      | Noticed Prince Ribbit
  8562 | D:9      | Found an ornate altar of the Wu Jian Council.
  8747 | D:9      | Reached *** piety under Dithmenos
  8885 | D:9      | Reached skill level 10 in Armour
  9015 | D:9      | Noticed Joseph
  9042 | D:9      | Killed Joseph
  9042 | D:9      | Reached skill level 10 in Dodging
  9365 | D:9      | Found a shimmering blue altar of Sif Muna.
  9385 | D:9      | Identified Sif Muna's Guide on the Oath
  9717 | D:10     | Entered Level 10 of the Dungeon
  9751 | D:10     | Reached XP level 11. HP: 74/80 MP: 10/10
  9762 | D:10     | Found a staircase to the Lair.
 10022 | D:10     | Noticed Gastronok
 10051 | D:10     | Killed Gastronok
 10051 | D:10     | Reached skill level 14 in Long Blades
 10052 | D:10     | Reached **** piety under Dithmenos
 10700 | D:11     | Noticed Harold
 10736 | D:11     | Killed Harold
 10832 | D:11     | Noticed a purple ugly thing
 10914 | D:11     | Killed a purple ugly thing
 10958 | D:11     | Found a shadowy altar of Dithmenos.
 11493 | D:11     | Found a staircase to the Orcish Mines.
 11513 | D:11     | Noticed a red ugly thing
 11521 | D:11     | Killed a red ugly thing
 11544 | D:11     | Noticed a two-headed ogre
 11563 | D:11     | Killed a two-headed ogre
 11563 | D:11     | Reached XP level 12. HP: 74/88 MP: 11/11
 11712 | D:11     | Found Xogg's Distillery.
 11721 | D:11     | Bought a potion of haste for 140 gold pieces
 11721 | D:11     | Bought a potion of curing for 42 gold pieces
 11721 | D:11     | Bought a potion of curing for 42 gold pieces
 11721 | D:11     | Bought a potion of curing for 42 gold pieces
 11721 | D:11     | Bought a potion of curing for 42 gold pieces
 11758 | D:11     | Reached skill level 15 in Long Blades
 11785 | D:11     | Reached ***** piety under Dithmenos
 11920 | D:12     | Found Awymp's General Store.
 11960 | D:12     | Bought a scroll of teleportation for 42 gold pieces
 11975 | D:12     | Noticed a two-headed ogre
 12121 | D:12     | Noticed a two-headed ogre
 12130 | D:12     | Killed a two-headed ogre
 12242 | D:12     | Killed a two-headed ogre
 12307 | D:12     | Noticed Urug
 12434 | D:12     | Killed Urug
 13005 | D:12     | Noticed a two-headed ogre
 13010 | D:12     | Killed a two-headed ogre
 13206 | D:13     | Found the amulet of the Four Winds {rN+ MR+++ Clar}
 13470 | D:13     | Noticed a tengu warrior
 13474 | D:13     | Noticed a tengu warrior
 13482 | D:13     | Killed a tengu warrior
 13489 | D:13     | Killed a tengu warrior
 13521 | D:13     | Reached skill level 16 in Long Blades
 13573 | D:13     | Noticed a centaur warrior
 13588 | D:13     | Killed a centaur warrior
 13632 | D:13     | Reached XP level 13. HP: 91/93 MP: 12/12
 14434 | D:14     | Found a gate to the Vaults.
 14434 | D:14     | Noticed an ironheart preserver
 14522 | D:13     | Killed an ironheart preserver
 14718 | D:14     | Reached ****** piety under Dithmenos
 15216 | D:15     | Entered Level 15 of the Dungeon
 15243 | D:15     | Found a staircase to the Depths.
 15243 | D:15     | Noticed a fire giant
 15259 | D:15     | Reached skill level 17 in Long Blades
 15605 | D:15     | Killed a fire giant
 15605 | D:15     | Reached skill level 15 in Armour
 15842 | D:15     | Found a shimmering altar of Xom.
 16790 | Lair:1   | Entered Level 1 of the Lair of Beasts
 16885 | Lair:1   | Noticed Fannar
 16927 | Lair:1   | Killed Fannar
 17055 | Lair:1   | Noticed Nergalle
 17064 | Lair:1   | Killed Nergalle
 17154 | Lair:1   | Reached XP level 14. HP: 98/100 MP: 13/13
 17949 | Lair:2   | Found a staircase to the Shoals.
 19103 | Lair:3   | Found a hole to the Spider Nest.
 19242 | Lair:3   | Reached skill level 15 in Dodging
 19257 | Lair:3   | Reached skill level 5 in Fighting
 19604 | Lair:3   | You fall into a shaft and drop 2 floors!
 19668 | Lair:4   | Found a gate leading to a gauntlet.
 19677 | Gauntlet | Entered a Gauntlet
 19677 | Gauntlet | Found a transporter.
 19873 | Gauntlet | Found a transporter.
 19883 | Gauntlet | Found a transporter.
 19884 | Gauntlet | Found a transporter.
 19900 | Gauntlet | Found a transporter.
 19908 | Gauntlet | Found a transporter.
 19918 | Gauntlet | Found a transporter.
 19928 | Gauntlet | Found a transporter.
 19933 | Gauntlet | Found a transporter.
 19950 | Gauntlet | Found a transporter.
 19950 | Gauntlet | Found a transporter.
 19960 | Gauntlet | Found a transporter.
 20013 | Gauntlet | Found a transporter.
 20026 | Gauntlet | Found a transporter.
 20104 | Gauntlet | Reached skill level 18 in Long Blades
 20208 | Gauntlet | Got a pair of crude boots
 20214 | Gauntlet | Identified the +0 pair of boots of the Engineer {-Tele
                  | Str+8 Dex+2} (You found it in a Gauntlet)
 20255 | Gauntlet | Identified the +8 broad axe "Eplouh" {drain, MP+9 Int+3}
 20255 | Gauntlet | Identified the +2 shield "Goik" {Int+4 Slay+3}
 20296 | Gauntlet | Identified the Volume of Dislocation
 20308 | Gauntlet | Identified the Almanac of Hexes
 21530 | Lair:5   | Noticed Rupert
 21568 | Lair:5   | Killed Rupert
 21772 | Lair:5   | Found a staircase to the Slime Pits.
 22386 | Lair:6   | Entered Level 6 of the Lair of Beasts
 22481 | Lair:6   | Reached XP level 15. HP: 109/118 MP: 14/14
 24254 | Spider:1 | Entered Level 1 of the Spider Nest
 25025 | Orc:1    | Entered Level 1 of the Orcish Mines
 25037 | Orc:2    | Entered Level 2 of the Orcish Mines
 25117 | Orc:1    | Found a dark tunnel.
 25130 | Orc:1    | Reached skill level 19 in Long Blades
 25135 | Volcano  | Entered a volcano
 26014 | Orc:2    | Found a burning altar of Makhleb.
 26246 | Orc:2    | Found a staircase to the Elven Halls.
 26435 | Orc:2    | Found Migeluc's Distillery.
 27054 | Orc:2    | Found Iffuar's Book Shoppe.
 27055 | Orc:2    | Found Itairhaa's Antique Armour Boutique.
 27056 | Orc:2    | Found Yssetoun's Armour Boutique.
 27079 | Orc:2    | Bought a potion of heal wounds for 80 gold pieces
 27113 | Orc:2    | Reached skill level 10 in Fighting
 27183 | Orc:2    | Found a roughly hewn altar of Beogh.
 27317 | Orc:2    | Bought shiny shadow dragon scales for 1826 gold pieces
 27392 | Elf:1    | Entered Level 1 of the Elven Halls
 27423 | Elf:1    | Found a radiant altar of Vehumet.
 27940 | Spider:1 | Reached XP level 16. HP: 93/134 MP: 15/15
 28379 | Spider:1 | Noticed Louise
 28396 | Spider:1 | Killed Louise
 28680 | Spider:1 | Noticed Azrael
 28690 | Spider:1 | Killed Azrael
 29143 | Spider:2 | Reached skill level 5 in Throwing
 29265 | Spider:2 | Reached skill level 20 in Long Blades
 32523 | Spider:4 | Entered Level 4 of the Spider Nest
 33954 | Spider:4 | Reached XP level 17. HP: 137/141 MP: 16/16
 34022 | Spider:4 | Reached skill level 21 in Long Blades
 34789 | Spider:4 | Identified Roxanne's Disquisition on Stones
 34789 | Spider:4 | Noticed Roxanne
 34804 | Spider:4 | Killed Roxanne
 34849 | Spider:4 | Paralysed by a hornet for 2 turns
 36156 | Spider:4 | Got a gossamer rune of Zot
 36386 | Shoals:1 | Entered Level 1 of the Shoals
 38070 | Shoals:3 | Reached skill level 22 in Long Blades
 40485 | Shoals:4 | Entered Level 4 of the Shoals
 40658 | Shoals:3 | Noticed Aizul
 41278 | Shoals:3 | Reached XP level 18. HP: 139/149 MP: 17/17
 41299 | Shoals:3 | Killed Aizul
 42268 | Shoals:4 | Noticed Ilsuiw
 42955 | Shoals:3 | Killed Ilsuiw
 44574 | Shoals:4 | Got a bound lead ring
 44576 | Shoals:4 | Identified the ring of Xabotse {Str+4 Int+3 Stlth+} (You
                  | found it on level 4 of the Shoals)
 44743 | Shoals:4 | Reached skill level 23 in Long Blades
 45564 | Shoals:4 | Identified Vyomosok's Volume of Scorching Transmigration
 45636 | Shoals:4 | Got a barnacled rune of Zot
 47689 | Elf:2    | Cast into level 2 of the Abyss (+3 halberd of distortion)
 47797 | Abyss:2  | Found a corrupted altar of Lugonu.
 47926 | Abyss:2  | Found a runed translucent door.
 47961 | Abyss:2  | Reached XP level 19. HP: 147/155 MP: 18/18
 47995 | Abyss:2  | Paralysed by accursed screaming for 1 turns
 48071 | Abyss:2  | Found a runed translucent door.
 48087 | Abyss:2  | Noticed a bone dragon
 48099 | Abyss:2  | Killed a bone dragon
 48099 | Abyss:2  | Reached skill level 24 in Long Blades
 48112 | Abyss:2  | Paralysed by accursed screaming for 1 turns
 48129 | Elf:2    | Escaped the Abyss
 49266 | Orc:2    | Bought the +10 plate armour of Repulsion {MR+} for 1112
                  | gold pieces
 49404 | Elf:2    | Identified the Disquisition on Ashen Stolen Souls
 49556 | Elf:2    | Found Qaosm's Distillery.
 49575 | Elf:2    | Reached skill level 1 in Invocations
 49636 | Elf:2    | Found a huge runed translucent gate.
 49636 | Elf:2    | Found a huge runed translucent gate.
 49636 | Elf:2    | Found a huge runed translucent gate.
 49638 | Elf:2    | Found a huge runed translucent gate.
 49639 | Elf:2    | Found a huge runed translucent gate.
 50363 | Elf:3    | Entered Level 3 of the Elven Halls
 50656 | Elf:3    | Reached skill level 5 in Invocations
 51043 | Elf:3    | Identified the cursed +3 hand axe of Buczaihu {protect,
                  | rF+}
 51043 | Elf:3    | Identified the ring "Searil" {rF+ MR+ Dex-2 Slay+2}
 51044 | Elf:3    | Identified the cursed +1 scale mail "Othoh" {rF+ Regen+
                  | Dex+2}
 51494 | Elf:3    | Reached XP level 20. HP: 111/162 MP: 24/24
 51575 | Elf:3    | Identified the ring of Yquill {rPois rF- MR+ Str+3 Dex+3}
 52120 | Elf:3    | Found the +5 demon whip "Spellbinder" {antimagic, MR+}
 52135 | Elf:3    | Identified Ugomn's Compendium of the Rocks and Darkness
 52137 | Elf:3    | Identified The Arcane Secrets of Magic
 52142 | Elf:3    | Identified the Reference Book on Good Luck and Stones
 52150 | Elf:3    | Identified the Catalogue of Transmigration
 52559 | Elf:3    | Identified the +0 hat of Watchfulness {Str+5 Dex-3} (You
                  | found it on level 3 of the Elven Halls)
 52597 | Elf:3    | Identified the +6 plate armour "Imoruow" {+Inv rCorr Str+2}
                  | (You found it on level 3 of the Elven Halls)
 52877 | Depths:1 | Entered Level 1 of the Depths
 54217 | Depths:1 | Found a runed translucent gate.
 54313 | Depths:1 | Found Damaon Deas's Distillery.
 54320 | Depths:1 | Bought a potion of heal wounds for 75 gold pieces
 55072 | Depths:1 | Noticed Jacauzoz's ghost (veteran KoWz)
 55073 | Depths:1 | Found a runed translucent gate.
 55084 | Depths:1 | Noticed Margery
 55095 | Depths:1 | Found a runed translucent gate.
 55116 | Depths:1 | HP: 7/162 [deep troll shaman (4)]
 55377 | Vaults:1 | Entered Level 1 of the Vaults
 55598 | Vaults:1 | Reached skill level 10 in Invocations
 56278 | Depths:3 | Noticed a golden dragon
 56340 | Depths:4 | Found a gateway to Hell.
 56345 | Hell     | Entered the Vestibule of Hell
 56345 | Hell     | Noticed Geryon
 56384 | Hell     | HP: 8/163 [hell beast[Geryon] (7)]
 56386 | Hell     | Found a gateway to the Iron City of Dis.
 56395 | Dis:1    | Entered Level 1 of the Iron City of Dis
 56395 | Dis:1    | Found a gateway to Hell.
 56461 | Dis:1    | HP: 7/163 [???[the effects of Hell] (4)]
 56499 | Dis:2    | HP: 2/163 [storm dragon zombie (4)]
 56513 | Dis:3    | Found a gateway to Hell.
 56521 | Dis:4    | Found a gateway to Hell.
 56523 | Dis:4    | HP: 3/163 [phantasmal warrior (7)]
 56528 | Dis:4    | HP: 3/163 [storm dragon zombie (2)]
 56542 | Dis:4    | HP: 6/244 [flayed ghost (4)]
 56547 | Dis:4    | HP: 5/244 [three-headed hydra zombie (2)]
 56556 | Dis:4    | Killed by the effects of Hell

Levels and vault maps discovered:
D:1:      lightli_arrival_lavapool, layout_basic, minmay_misc_feat_iff
D:2:      layout_basic, ashenzari_altar_1, nicolae_overflow_hidden_temple
D:3:      layout_rooms, lemuel_coloured_pillars_altar,
          chequers_ecumenical_altar_simple_redux, st_stairs_7
D:4:      layout_cave_pools, nicolae_ru_great_annihilating_truth,
          lemuel_crystal_altar, first_ration
D:5:      layout_layer_cave, vehumet_statue, lemuel_crystal_altar,
          lemuel_zombie_altar_kikubaaqudgha
D:6:      layout_cave_pods, kennysheep_slug_shrine, mrwooster_statue_mirror,
          amethyst_killhole, nicolae_sextant
D:7:      minmay_slanted_spiral_squares, layout_layer_cave,
          minmay_temple_entry_arrows, uniq_pikel
D:8:      wad_statue_garden, layout_basic, doesnt_xom_only_xom,
          nicolae_overflow_crystal_walls, uniq_grum
D:9:      layout_loops_corners, kennysheep_mini, led_sif_book, grunt_pizzeria,
          uniq_joseph, uniq_prince_ribbit1
D:10:     layout_basic, due_lair_maze_entry_diamond, kennysheep_path_1,
          uniq_gastronok
D:11:     wander_river, layout_stronghold, orc_0_dummy, basic_altar,
          serial_shops, nicolae_shop_behind_doors, eino_house_with_fridge,
          uniq_harold
D:12:     layout_irregular_city, serial_shops, shop, kennysheep_generic_room_2,
          uniq_urug
D:13:     layout_layer_cave, hex_tiny, onia_ninara_cookie
D:14:     layout_rooms, skrybe_vaults_entry_preservation,
          chequers_serial_rivers_micro_a
D:15:     grunt_enter_depths_giant_problem, layout_irregular_city, basic_altar,
          minmay_misc_feat_x
Temple:   nicolae_temple_figure_zero
Lair:1:   layout_loops_ring, grunt_megastairs_1, uniq_fannar, uniq_nergalle
Lair:2:   layout_cave_pods, elwin_shoals_entry_rooms
Lair:3:   layout_gridlike, spider_nest_entry_webs, beast_lair_carwin_5,
          grunt_megastairs_5, lemuel_fruit_fields
Lair:4:   layout_small_grid, gauntlet_entry_generic, bobbens_ice_dragon_lair
Lair:5:   layout_cave_pods, nicolae_slime_entry_slimehenge,
          small_statue_intersection, uniq_rupert
Lair:6:   hangedman_lair_tendril_chambers, layout_cave_pods,
          serial_bayou_pond_d, infiniplex_staircase_pool_2
Shoals:1: layout_shoals
Shoals:2: layout_shoals
Shoals:3: layout_shoals, nicolae_shoals_mertower, uniq_aizul
Shoals:4: shoals_end_grunt_ice, layout_shoals, shoals_ilsuiw_alternative,
          nicolae_shoals_cliffside_cave, nicolae_shoals_this_corrosion
Spider:1: layout_spider_delve, uniq_azrael, uniq_louise
Spider:2: layout_spider_delve, nicolae_spider_webs_and_nodes
Spider:3: layout_spider_delve, special_room [special_room_bee], drop_trap,
          nicolae_spider_ant_collections
Spider:4: guppyfry_spider_rune, drop_trap, einodemon_crawler_minivault,
          uniq_roxanne
Orc:1:    layout_caves, nicolae_volcano_entry_hallway
Orc:2:    st_orc_elflike, layout_diamond_mine, basic_altar, bloody_makhleb
Elf:1:    eino_elf_arrival_altar, layout_loops_corners, hangedman_elf_disciples
Elf:2:    layout_rooms, serial_shops, nicolae_shop_behind_doors
Elf:3:    minmay_elf_hall_statues, layout_loops_ring, drop_trap,
          palyth_stone_intersect, minmay_misc_feat_cross
Vaults:1: st_hourglassy, vaults_room_grunt_arrival_ludios, vaults_dpeg_doors,
          v_rooms_1, dpeg_vaults_monster_box, nicolae_vaults_yaktaur_gun_rack,
          layout_vaults_chaotic_city, serial_shops, shop
Depths:1: layout_cave_shapes, gammafunk_ghost_split, kennysheep_big_empty_room,
          serial_shops, nicolae_shop_statue_plus, grunt_metal_band,
          minmay_three_doors
Depths:2: hangedman_spin_cycle, hell_entry
Depths:3: minmay_the_grid_ultimate
          [minmay_the_grid_prize_four_corners_diamond_b,
          minmay_the_grid_prize_inner_circle,
          minmay_the_grid_prize_four_corners_diamond_a,
          minmay_the_grid_prize_diamond_cup,
          minmay_the_grid_square_5x5_bracketed,
          minmay_the_grid_square_5x5_two_walls_a,
          minmay_the_grid_square_5x5_two,
          minmay_the_grid_square_5x5_eight_small,
          minmay_the_grid_square_5x5_two_walls_b,
          minmay_the_grid_square_5x5_eight,
          minmay_the_grid_square_5x5_two_small,
          minmay_the_grid_square_5x5_percent,
          minmay_the_grid_square_5x5_dogpile, minmay_the_grid_square_5x5_n,
          minmay_the_grid_square_5x5_half_checkered,
          minmay_the_grid_square_5x5_gyroscope,
          minmay_the_grid_square_5x5_six_small,
          minmay_the_grid_square_5x5_hollow_slash,
          minmay_the_grid_square_5x5_comb,
          minmay_the_grid_triangle_9x9_corrupted_corridor,
          minmay_the_grid_triangle_9x9_wacky_v,
          minmay_the_grid_triangle_9x9_windchime,
          minmay_the_grid_triangle_9x9_tough_junction,
          minmay_the_grid_triangle_9x9_skeleton,
          minmay_the_grid_triangle_9x9_subtriangle,
          minmay_the_grid_triangle_9x9_descending_squares,
          minmay_the_grid_triangle_9x9_swiss_cheese,
          minmay_the_grid_triangle_9x9_corruption,
          minmay_the_grid_triangle_9x9_dagger,
          minmay_the_grid_triangle_9x9_semitri,
          minmay_the_grid_triangle_9x9_sprig,
          minmay_the_grid_triangle_9x9_limited_checkers,
          minmay_the_grid_triangle_9x9_from_above,
          minmay_the_grid_triangle_9x9_shrine,
          minmay_the_grid_triangle_9x9_minimal,
          minmay_the_grid_square_5x5_hourglass, minmay_the_grid_octo_toaster,
          minmay_the_grid_octo_shrine, minmay_the_grid_octo_fat_diamond,
          minmay_the_grid_octo_odd_swirl, minmay_the_grid_octo_clover_2,
          minmay_the_grid_octo_vomiting_pacman, minmay_the_grid_octo_empty,
          minmay_the_grid_octo_checkered, minmay_the_grid_zigzag_pyramid,
          minmay_the_grid_minigrid_small, minmay_the_grid_dragon_a,
          minmay_the_grid_all_tris], hell_entry, pan_entry, uniq_enchantress
Depths:4: minmay_connected_boxes_in_corner, layout_gridlike, enter_ziggurat_e,
          minmay_room_of_horrors, serial_bayou_ford_a, hell_entry,
          infiniplex_staircase_split_hallway, uniq_mara
Hell
Dis:1:    layout_chaotic_city, grunt_megastairs_4
Dis:2:    layout_subdivisions, evilmike_ambush [evilmike_ambush_outer_doors,
          evilmike_ambush_inner_pond]
Dis:3:    hangedman_dis_monolith, layout_regular_city,
          hangedman_dis_decor_blocks_crown
Dis:4:    layout_gridville

Skill      XL: |  1  2  3  4  5  6  7  8  9 10 11 12 13 14 15 16 17 18 19 20 |
---------------+-------------------------------------------------------------+-----
Long Blades    | 4 5 6 8 9 10 11 12 13 14 16 17 18 19 20 22 23 24 | 24.2
Armour         | 3 6 8 10 12 13 15 16 17 18 19 20 21 | 21.6
Dodging        | 4 6 8 10 11 13 14 15 16 17 18 19 20 | 20.4
Fighting       | 7 10 | 10.8
Throwing       | 5 |  5.0
Invocations    | 7 10 | 10.6

Action                   |  1- 3 |  4- 6 |  7- 9 | 10-12 | 13-15 | 16-18 | 19-21 || total
-------------------------+-------+-------+-------+-------+-------+-------+-------++-------
Melee: Long sword        |    73 |   102 |   287 |   358 |    53 |       |       ||   873
       Headbutt          |     8 |    27 |    62 |   221 |   413 |   370 |   223 ||  1324
       Demon blade       |       |       |       |   362 |   178 |       |       ||   540
       Great sword       |       |       |       |       |   923 |    22 |       ||   945
       Triple sword      |       |       |       |       |    64 |  1264 |   699 ||  2027
Throw: Throwing net      |       |       |     1 |     3 |     2 |     4 |       ||    10
       Dart              |       |       |       |     6 |       |       |       ||     6
       Javelin           |       |       |       |       |     1 |    29 |       ||    30
Invok: Shadow Step       |       |       |       |       |     1 |       |     2 ||     3
       Shadow Form       |       |       |       |       |       |       |     6 ||     6
  Use: Scroll            |       |     9 |     8 |    10 |    23 |    14 |    20 ||    84
       Potion            |       |       |       |     7 |     7 |    12 |     9 ||    35
 Stab: Sleeping          |     2 |       |       |     8 |     3 |    14 |     1 ||    28
       Paralysed         |       |     1 |       |       |       |       |       ||     1
       Held in net/web   |       |       |     1 |     6 |     2 |     2 |       ||    11
       Distracted        |       |       |       |       |     1 |     4 |       ||     5
       Invisible         |       |       |       |       |       |       |     3 ||     3
  Eat: Chunk             |       |     7 |     9 |    16 |    29 |    31 |     7 ||    99
       Ration            |       |       |     2 |     1 |     5 |    10 |     7 ||    25
Armor: Leather armour    |    15 |    14 |       |       |       |       |       ||    29
       Scale mail        |       |     3 |    82 |       |   110 |   334 |       ||   529
       Ring mail         |       |     3 |       |       |       |       |       ||     3
       Steam dragon scal |       |       |    15 |    79 |       |       |       ||    94
       Troll leather arm |       |       |       |    36 |    29 |       |       ||    65
       Chain mail        |       |       |       |       |   248 |       |       ||   248
       Shadow dragon sca |       |       |       |       |     4 |   389 |    71 ||   464
       Plate armour      |       |       |       |       |       |       |   524 ||   524
Dodge: Dodged            |    60 |    94 |   210 |   593 |  1285 |  1948 |   904 ||  5094
Block: Other             |       |       |       |       |       |       |    18 ||    18
       Reflection        |       |       |       |       |       |       |     2 ||     2
       Rpst.: Long sword |    16 |    25 |    62 |    76 |    17 |       |       ||   196
       Demon blade       |       |       |       |    76 |    40 |       |       ||   116
       Great sword       |       |       |       |       |   246 |    13 |       ||   259
       Triple sword      |       |       |       |       |    13 |   345 |   153 ||   511

Table legend:
 A = Non-vault XP
 B = Vault XP
 C = Vault XP percentage of total XP
 D = Non-vault monster count
 E = Vault monster count
 F = Vault count percentage of total count
                 A         B        C        D         E       F
            +---------+---------+-------+---------+---------+-------
      Total |  323948 |  230717 |  41.6 |    1023 |     461 |  31.1
            +---------+---------+-------+---------+---------+-------
        D:1 |      51 |       0 |   0.0 |      20 |       0 |   0.0
        D:2 |      86 |       0 |   0.0 |      28 |       0 |   0.0
        D:3 |      86 |       4 |   4.4 |      17 |       2 |  10.5
        D:4 |     406 |      47 |  10.4 |      23 |       4 |  14.8
        D:5 |     229 |      38 |  14.2 |      17 |       5 |  22.7
        D:6 |     347 |       4 |   1.1 |      21 |       1 |   4.5
        D:7 |     419 |    2840 |  87.1 |       7 |      18 |  72.0
        D:8 |    1001 |    2612 |  72.3 |      19 |      12 |  38.7
        D:9 |    1979 |     745 |  27.3 |      35 |       4 |  10.3
       D:10 |    2038 |    3620 |  64.0 |      19 |      12 |  38.7
       D:11 |    5137 |    1813 |  26.1 |      36 |      13 |  26.5
       D:12 |    6375 |    1231 |  16.2 |      34 |       3 |   8.1
       D:13 |    4537 |    6992 |  60.6 |      20 |      19 |  48.7
       D:14 |    7126 |    2981 |  29.5 |      21 |       8 |  27.6
       D:15 |   15310 |    1793 |  10.5 |      38 |       1 |   2.6
     Lair:1 |    4369 |    2057 |  32.0 |      24 |       3 |  11.1
     Lair:2 |    2731 |    2789 |  50.5 |      16 |       7 |  30.4
     Lair:3 |    6971 |    2236 |  24.3 |      22 |      12 |  35.3
     Lair:4 |    8846 |     987 |  10.0 |      25 |       3 |  10.7
     Lair:5 |    3475 |    2733 |  44.0 |      17 |       6 |  26.1
     Lair:6 |   15350 |    9747 |  38.8 |      47 |      36 |  43.4
   Shoals:1 |    9311 |       0 |   0.0 |      18 |       0 |   0.0
   Shoals:2 |   14949 |    2182 |  12.7 |      33 |       2 |   5.7
   Shoals:3 |   16708 |   14191 |  45.9 |      40 |      16 |  28.6
   Shoals:4 |   10727 |   23722 |  68.9 |      26 |      37 |  58.7
   Spider:1 |   16987 |    3644 |  17.7 |      50 |       8 |  13.8
   Spider:2 |   19714 |     340 |   1.7 |      49 |       4 |   7.5
   Spider:3 |   12480 |   13358 |  51.7 |      33 |      44 |  57.1
   Spider:4 |   12098 |   21948 |  64.5 |      29 |      42 |  59.2
      Orc:1 |    4299 |       0 |   0.0 |      23 |       0 |   0.0
      Orc:2 |    1681 |    8075 |  82.8 |       9 |      25 |  73.5
      Elf:1 |   21010 |    8945 |  29.9 |      32 |      16 |  33.3
      Elf:2 |   23562 |   21184 |  47.3 |      38 |      26 |  40.6
      Elf:3 |   15817 |   45542 |  74.2 |      27 |      29 |  51.8
   Vaults:1 |   14806 |    9887 |  40.0 |      26 |      11 |  29.7
   Depths:1 |   20602 |    3721 |  15.3 |      33 |       4 |  10.8
   Depths:3 |     212 |    1037 |  83.0 |       1 |       1 |  50.0
      Dis:1 |     223 |       0 |   0.0 |       1 |       0 |   0.0
      Dis:2 |     313 |       0 |   0.0 |       3 |       0 |   0.0
      Dis:4 |    2889 |       0 |   0.0 |       5 |       0 |   0.0
    Abyss:2 |   18691 |       0 |   0.0 |      41 |       0 |   0.0
    Volcano |       0 |    3048 | 100.0 |       0 |      10 | 100.0
   Gauntlet |       0 |    4624 | 100.0 |       0 |      17 | 100.0
            +---------+---------+-------+---------+---------+-------
